 Dungeon Crawl Stone Soup version 0.30.1-3-gfc49f6343a (webtiles) character file.

Game seed: 8048059783587380816

42 AndyM the Stinger (level 3, -2/21 HPs)
             Began as an Octopode Venom Mage on Aug 5, 2023.
             Killed from afar by an orc wizard (5 damage)
             ... with a magic dart
             ... on level 3 of the Dungeon.
             The game lasted 00:07:58 (1001 turns).

AndyM the Stinger (Octopode Venom Mage)             Turns: 1001, Time: 00:07:59

Health: -2/21      AC:  1    Str:  7    XL:     3   Next: 56%
Magic:  7/7        EV: 13    Int: 19    God:
Gold:   127        SH:  0    Dex: 12    Spells: 4/7 levels left

rFire   . . .        n - +3 dagger (elec)
rCold   . . .        (no shield)
rNeg    . . .        (helmet restricted)
rPois   .            (no amulet)
rElec   .            (no ring)
rCorr   .            (no ring)
SInv    .            (no ring)
Will    .....        (no ring)
Stlth   +++          (no ring)
HPRegen 0.23/turn    (no ring)
MPRegen 0.10/turn    (no ring)
                     (no ring)

%: no passive effects
@: no status effects
A: almost no armour, amphibious, 8 rings, camouflage 1, gelatinous body 1,
(nimble swimmer 1), tentacles
a: no special abilities


You were on level 3 of the Dungeon.
You visited 1 branch of the dungeon, and saw 3 of its levels.

You collected 127 gold pieces.

Inventory:

Hand Weapons
 c - a +0 mace
 f - a +0 dagger
 h - a +1 whip of electrocution
 n - a +3 dagger of electrocution (weapon)
 r - a +0 rapier
Missiles
 m - 22 stones
Armour
 j - a +0 plate armour
 l - a +0 pair of boots
Magical Staves
 o - a staff of cold
Scrolls
 d - 3 scrolls of immolation {unknown}
 i - a scroll of identify {unknown}
 p - a scroll of enchant armour {unknown}
 s - a scroll of teleportation {unknown}
Potions
 a - a potion of magic
 b - a potion of mutation {unknown}
 e - a potion of flight {unknown}
 g - a potion of might {unknown}
 k - a potion of curing {unknown}
 q - 2 potions of attraction {unknown}


   Skills:
 + Level 2.0 Dodging
 + Level 2.8 Stealth
 + Level 2.7 Spellcasting
 + Level 1.3 Transmutations
 + Level 4.4 Poison Magic


You had 4 spell levels left.
You knew the following spells:

 Your Spells              Type           Power      Damage    Failure   Level
a - Sting                 Tmut/Pois      52%        1d5       4%          1
b - Poisonous Vapours     Pois/Air       22%        N/A       10%         2

Your spell library contained the following spells:

 Spells                   Type           Power      Damage    Failure   Level
 Passwall                 Tmut/Erth      4%         N/A       19%         2
 Ensorcelled Hibernation  Hex/Ice        4%         N/A       24%         2
 Mephitic Cloud           Conj/Pois/Air  8%         N/A       26%         3
 Olgreb's Toxic Radiance  Pois           19%        N/A       26%         4
 Swiftness                Air            2%         N/A       43%         3
 Chain Lightning          Conj/Air       1%         3d1       100%        9
 Fire Storm               Conj/Fire      1%         7d1       100%        9
 Shatter                  Erth           1%         3d5*      100%        9


Dungeon Overview and Level Annotations

Branches:
Dungeon (2/15)

Altars:


Innate Abilities, Weirdness & Mutations

You cannot wear most types of armour.
You are amphibious.
You can wear up to eight rings at the same time.
Your skin changes colour to match your surroundings (Stealth+).
Your rubbery body absorbs attacks. (AC +1, EV +1)
((You are camouflaged when in or above water. (Stealth+)))
You have tentacles for arms and can constrict up to eight enemies at once.


Message History

Aiming: Sting (safe; 4% risk of failure)
Press: ? - help, Q - select action, (/) - cycle Shift-Dir - straight line, f - ball python
Aim: a ball python (wandering, hasn't noticed you, 68% to hit)
The sting hits the ball python.
The ball python is poisoned.
The ball python is moderately wounded.
The ball python hisses angrily.
The ball python barely misses you. x2
You hit the ball python. You grab the ball python. You squeeze the ball python.
You kill the ball python!
A hobgoblin comes into view.
Aiming: Sting (safe; 4% risk of failure)
Press: ? - help, Q - select action, (/) - cycle Shift-Dir - straight line, f - you
Okay, then.
Aiming: Sting (safe; 4% risk of failure)
Press: ? - help, Q - select action, (/) - cycle Shift-Dir - straight line, f - hobgoblin
Aim: a hobgoblin (asleep, 100% to hit)
The sting hits the hobgoblin.
The hobgoblin is poisoned.
The hobgoblin is severely wounded.
The hobgoblin shouts!
You hear a shout!
You kill the hobgoblin!
An orc wizard comes into view. It is wielding a +0 dagger.
The orc wizard gestures wildly while chanting.
The orc wizard flickers and vanishes!
Deactivating autopickup; reactivate with Ctrl-A.
An orc comes into view. It is wielding a +0 dagger.
An orc comes into view. It is wielding a +0 hand axe.
You see here a hobgoblin corpse.
Aiming: Sting (safe; 4% risk of failure)
Press: ? - help, Q - select action, (/) - cycle Shift-Dir - straight line
Okay, then.
A puff of flame appears from out of thin air!
The puff of flame hits you!
A puff of flame appears from out of thin air!
The puff of flame hits you!
* * * LOW HITPOINT WARNING * * *
The orc shouts!
A magic dart appears from out of thin air!
The magic dart hits you.
You die...

............# #.#
.###).......# #o#
## #........# #{#
#........# #†#
#...†....# #.#
#........# #.#
#........# #.#
########## #.# #@#
################.#
...............#.#
##############.#.#
### #.#.# #.#
#.#.#######.#
#.#.........#
#.#########.# #.#
#.#


You could see an orc.

Vanquished Creatures
  An adder (D:3)
  3 dart slugs (D:1)
  2 endoplasms (D:3)
  4 goblins
  3 hobgoblins
  3 kobolds
  A quokka (D:1)
  3 ball pythons
  2 bats (D:1)
  4 frilled lizards (D:1)
  A rat (D:1)
27 creatures vanquished.

Notes
Turn   | Place    | Note
-------+----------+-------------------------------------------
     0 | D:1      | AndyM the Octopode Venom Mage began the quest for the Orb.
     0 | D:1      | Reached XP level 1. HP: 11/11 MP: 3/3
    89 | D:1      | Reached skill level 4 in Poison Magic
   103 | D:1      | Reached XP level 2. HP: 17/17 MP: 0/5
   689 | D:2      | Learned a level 2 spell: Poisonous Vapours
   692 | D:2      | Reached XP level 3. HP: 21/21 MP: 4/6
   772 | D:2      | You fall into a shaft and drop 1 floor!
  1001 | D:3      | Killed from afar by an orc wizard

Illustrated notes

Levels and vault maps discovered:
D:1:      matt_arrival_grand_opening, layout_loops_ring
D:2:      layout_basic, basic_altar, minmay_misc_feat_alley
D:3:      layout_basic

Skill      XL: |  1 |
---------------+----+-----
Poison Magic   | 4 |  4.4
Dodging        | |  2.0
Stealth        | |  2.8
Spellcasting   | |  2.7
Transmutations | |  1.3

Action                     || total
---------------------------++-------
  Melee: Dagger            ||    22
         Constrict         ||     6
         Tentacles         ||     3
         Punch             ||     1
   Cast: Sting             ||    27
 Armour: Skin              ||     2
  Dodge: Dodged            ||    16
